 Dungeon Crawl Stone Soup version 0.28.0-53-g5a82cb258f (webtiles) character file.

Game seed: 13400835935362660569

1698 MiltankisOP the Thaumaturge (level 8, 0/40 (41) HPs)
             Began as a Deep Elf Conjurer on June 17, 2022.
             Was a Believer of Vehumet.
             Slain by a wight
             ... wielding a +2 mace
              (11 damage)
             ... on level 7 of the Dungeon.
             The game lasted 00:16:33 (7631 turns).

MiltankisOP the Thaumaturge (Deep Elf Conjurer)     Turns: 7631, Time: 00:16:37

HP:   0/40 (41)     AC:  3    Str:  4    XL:     8   Next: 72%
MP:   19/25         EV: 13    Int: 26    God:    Vehumet [**....]
Gold: 312           SH:  5    Dex: 19    Spells: 26/29 levels left

rFire   . . .      SeeInvis .   (no weapon)
rCold   . . .      Faith    .   i - orb {light}
rNeg    . . .      Spirit   .   a - +0 robe
rPois   .          Reflect  +   (no helmet)
rElec   .          Harm     .   (no cloak)
rCorr   .          Rampage  .   x - +0 pair of gloves
Will    .....                   (no boots)
Stlth   +.........              j - amulet of reflection
HPRegen 0.13/turn               o - +6 ring of dexterity
MPRegen 0.19/turn               (no ring)

@: glowing, lightly drained
A: no striking features
a: Renounce Religion


You were on level 7 of the Dungeon.
You worshipped Vehumet.
Vehumet was pleased with you.
You visited 2 branches of the dungeon, and saw 8 of its levels.

You collected 312 gold pieces.

Inventory:

Armour
 a - a +0 robe (worn)
 c - a +0 pair of gloves
 i - an orb of light (worn)
 x - a +0 pair of gloves (worn)
Jewellery
 j - an amulet of reflection (around neck)
 o - a +6 ring of dexterity (left hand)
Wands
 y - a wand of iceblast (5)
 A - a wand of digging (7)
Scrolls
 d - 2 scrolls of immolation {unknown}
 g - 10 scrolls of identify {unknown}
 h - a scroll of blinking {unknown}
 l - 2 scrolls of magic mapping {unknown}
 n - a scroll of enchant armour {unknown}
 p - a scroll of silence {unknown}
 s - a scroll of enchant weapon {unknown}
 u - a scroll of teleportation {unknown}
 z - a scroll of fog {unknown}
Potions
 b - a potion of brilliance {unknown}
 e - 2 potions of might {unknown}
 f - a potion of mutation {unknown}
 k - 4 potions of heal wounds {unknown}
 m - a potion of magic {unknown}
 q - 2 potions of cancellation {unknown}
 r - a potion of curing {unknown}
 t - 3 potions of resistance {unknown}
 v - a potion of degeneration {unknown}
 w - a potion of attraction {unknown}


   Skills:
 - Level 2.4 Dodging
 - Level 2.4 Stealth
 - Level 11.1 Spellcasting
 - Level 8.0 Conjurations
 + Level 3.6 Hexes
 + Level 3.4 Transmutations


You had 26 spell levels left.
You knew the following spells:

 Your Spells              Type           Power      Damage    Failure   Level
a - Magic Dart            Conj           100%       1d8       1%          1
b - Searing Ray           Conj           100%       2d8       1%          2

Your spell library contained the following spells:

 Spells                   Type           Power      Damage    Failure   Level
 Scorch                   Fire           28%        2d6       6%          2
 Slow                     Hex            100%       N/A       1%          1
 Dazzling Flash           Conj/Hex       88%        N/A       1%          3
 Confusing Touch          Hex            33%        N/A       2%          3
 Fulminant Prism          Conj/Hex       22%        3d13      3%          4
 Animate Skeleton         Necr           28%        N/A       4%          1
 Pain                     Necr           56%        1d6       4%          1
 Sublimation of Blood     Necr           14%        N/A       6%          2
 Iskenderun's Mystic Bla  Conj/Tloc      35%        2d8       8%          4
 Irradiate                Conj/Tmut      22%        3d20      11%         5
 Vampiric Draining        Necr           14%        2d7       12%         3
 Petrify                  Tmut/Erth      23%        N/A       21%         4


Dungeon Overview and Level Annotations

Branches:
Dungeon (7/15)             Temple (1/1) D:4

Altars:
Ashenzari
Cheibriados
Dithmenos
Elyvilon
Fedhas
Gozag
Hepliaklqana
Kikubaaqudgha
Okawaru
Qazlal
Sif Muna
Trog
Uskayaw
Vehumet
Xom
Zin
The Shining One


Message History

The searing ray hits the wight but does no damage.
The wight is lightly damaged. (Press . to maintain the ray.)
A wight comes into view. It is wielding a +0 falchion.
A wight comes into view.
It is wielding a +3 hand axe and quivering poisoned darts.
There is a stone staircase leading down here.
A killer bee zombie comes into view.
The killer bee zombie hits you.
Casting: Searing Ray (safe; 1% risk of failure)
Confirm with . or Enter, or press ? or * to list all spells.
Aiming: Searing Ray (safe; 1% risk of failure)
Press: ? - help, Shift-Dir - straight line, f/p - wight
Aim: a wight, wielding a +2 mace and wearing a +0 robe (lightly damaged, haloed, 87% to hit)
Okay, then.
Casting: Searing Ray (safe; 1% risk of failure)
Confirm with . or Enter, or press ? or * to list all spells.
Aiming: Searing Ray (safe; 1% risk of failure)
Press: ? - help, Shift-Dir - straight line, f - killer bee zombie, p - wight
Aim: a killer bee zombie (haloed, 82% to hit)
The searing ray misses the killer bee zombie. (Press . to maintain the ray.)
The killer bee zombie barely misses you.
The killer bee zombie hits you.
The searing ray hits the killer bee zombie.
The killer bee zombie is moderately damaged.
The killer bee zombie hits you. The wight hits you with a +2 mace!
You feel drained.
The searing ray hits the killer bee zombie!
The killer bee zombie is severely damaged.
You hear the faint creaking of a distant portcullis.
The killer bee zombie hits you. The wight hits you with a +2 mace!
The killer bee zombie hits you.
* * * LOW HITPOINT WARNING * * *
The searing ray hits the killer bee zombie!
You destroy the killer bee zombie!
Vehumet accepts your kill.
You feel your power returning.
You finish channelling your searing ray.
The wight hits you with a +2 mace!
You die...

....................
.................... ###
..................[. ..#
.............##########.#
...........#...ยง......#.#
.........#.#...._.....#.#
#####...#.#..#...##..#.#
#...#.#..#.####..#.#
#...#@#..#.......#.#
######...#z#..#.........#
..#####.........z#..#.#####.#####
.................#..# #<.##......
.............>...#..# ##.##..###.
..#####..........#### #.##..#
#..........# #.##..#
#..........#...# #####.##..###
#................#.....##....#


You could see 2 wights.

Vanquished Creatures
  Sigmund (D:2)
  A water moccasin (D:7)
  An orc warrior (D:6)
  An ice beast (D:6)
  A black bear (D:6)
  An ogre (D:5)
  A phantom (D:4)
  4 scorpions
  A jelly (D:5)
  A centaur zombie (D:6)
  A hound (D:6)
  4 orc priests
  2 bullfrog skeletons (D:6)
  A centaur skeleton (D:5)
  Jessica (D:2)
  4 iguanas
  4 orc wizards
  A killer bee zombie (D:7)
  A howler monkey zombie (D:6)
  4 gnolls (D:3)
  8 adders
  An adder skeleton (D:5)
  2 dart slugs
  20 orcs
  8 endoplasms
  6 giant cockroaches
  6 goblins
  6 hobgoblins
  17 jackals
  4 quokkas
  6 ball pythons
  6 bats
  5 frilled lizards
  4 kobolds
  11 rats
  A spectral orc (D:4)
147 creatures vanquished.

Vanquished Creatures (others)
  7 plants
7 creatures vanquished.

Grand Total: 154 creatures vanquished

Notes
Turn   | Place    | Note
-------+----------+-------------------------------------------
     0 | D:1      | MiltankisOP the Deep Elf Conjurer began the quest for the
                  | Orb.
     0 | D:1      | Reached XP level 1. HP: 10/10 MP: 6/6
   161 | D:1      | Reached XP level 2. HP: 15/15 MP: 1/8
   249 | D:1      | Reached skill level 5 in Conjurations
   567 | D:1      | Reached XP level 3. HP: 19/19 MP: 7/9
   941 | D:1      | Learned a level 2 spell: Searing Ray
  1263 | D:2      | Noticed Sigmund
  1271 | D:2      | Killed Sigmund
  1272 | D:2      | Reached XP level 4. HP: 16/24 MP: 2/10
  1272 | D:2      | Reached XP level 5. HP: 19/28 MP: 2/11
  1638 | D:2      | Found a glowing golden altar of the Shining One.
  2160 | D:2      | Noticed Jessica
  2162 | D:2      | Killed Jessica
  2442 | D:3      | Reached XP level 6. HP: 32/32 MP: 8/12
  2510 | D:3      | Reached skill level 1 in Hexes
  2683 | D:3      | Reached skill level 1 in Transmutations
  3410 | D:3      | Noticed an ice beast
  3817 | D:4      | Found a staircase to the Ecumenical Temple.
  3831 | Temple   | Entered the Ecumenical Temple
  3964 | Temple   | Became a worshipper of Vehumet
  3982 | D:5      | Entered Level 5 of the Dungeon
  4555 | D:4      | Reached skill level 4 in Spellcasting
  4555 | D:4      | Reached XP level 7. HP: 25/36 MP: 2/15
  4691 | D:4      | Reached skill level 5 in Spellcasting
  5144 | D:4      | Found a hazy altar of Hepliaklqana.
  5153 | D:4      | Reached * piety under Vehumet
  5153 | D:4      | Offered knowledge of Foxfire by Vehumet.
  5296 | D:4      | Found a snail-covered altar of Cheibriados.
  5559 | D:5      | Found a white marble altar of Elyvilon.
  5602 | D:5      | Reached skill level 6 in Spellcasting
  5736 | D:5      | Reached skill level 7 in Spellcasting
  5857 | D:5      | Found an ancient bone altar of Kikubaaqudgha.
  5857 | D:5      | Found a hide-covered altar of Uskayaw.
  6542 | D:6      | Reached skill level 8 in Spellcasting
  6601 | D:6      | Found a glowing golden altar of the Shining One.
  6634 | D:6      | Reached XP level 8. HP: 41/41 MP: 15/22
  6794 | D:6      | Reached skill level 9 in Spellcasting
  7024 | D:6      | Reached skill level 10 in Spellcasting
  7145 | D:6      | Found a bloodstained altar of Trog.
  7254 | D:6      | Reached ** piety under Vehumet
  7460 | D:6      | Offered knowledge of Scorch by Vehumet.
  7462 | D:6      | Reached skill level 11 in Spellcasting
  7558 | D:7      | Found a shadowy altar of Dithmenos.
  7631 | D:7      | Slain by a wight

Illustrated notes

Levels and vault maps discovered:
D:1:      ncdulo_smallfort, layout_basic, minmay_rat_gold_closets
D:2:      layout_basic, basic_altar, guppyfry_early_lair_pool, uniq_jessica,
          uniq_sigmund
D:3:      layout_basic
D:4:      layout_loops_corners, lemuel_coloured_pillars_altar,
          nicolae_hepliaklqana_monster_ancestors, minmay_temple_entry_overgrown
D:5:      layout_rooms, pf_just_have_faith, mainiacjoe_overflow_large_starburst
D:6:      layout_gridville, trog_butcher_becter, nicolae_tso_carved_into_rock
D:7:      layout_basic, grunt_dithmenos_smoke, makhleb_heckhound_becter,
          enter_bailey_3
Temple:   nicolae_temple_figure_zero

Skill      XL: |  1  2  3  4  5  6  7  8 |
---------------+-------------------------+-----
Conjurations   | 5 7 8 |  8.0
Hexes          | 3 |  3.6
Transmutations | 3 |  3.4
Spellcasting   | 4 8 11 | 11.1
Dodging        | |  2.4
Stealth        | |  2.4

Action                   |  1- 3 |  4- 6 |  7- 9 || total
-------------------------+-------+-------+-------++-------
Melee: Unarmed           |       |     5 |       ||     5
 Cast: Magic Dart        |    76 |    99 |    69 ||   244
       Searing Ray       |       |    12 |    27 ||    39
Armor: Robe              |     1 |       |     2 ||     3
Dodge: Dodged            |     7 |     9 |    13 ||    29
Block: Orb               |       |     5 |     6 ||    11
